[ AOE2 MATCH · #504595632 ]
UnrankedChinese vs Sicilians
Player's team · WIN
[ REPLAY ANALYSIS · EXTRACTED FROM THE RECORDED GAME ]
Feudal
10:40
Castle
35:14
Imperial
—
| APM avg | 55.5 |
| APM peak | 90 |
| eAPM avg | 36.2 |
| Villagers / military | 59 / 35 |
Focus
⚔️ 51.1% · 🌾 48.9%
Archer ×33 · Skirmisher ×2
Feudal
24:14
Castle
—
Imperial
—
| APM avg | 39.3 |
| APM peak | 85 |
| eAPM avg | 23.5 |
| Villagers / military | 94 / 0 |
Focus
⚔️ 26.6% · 🌾 73.4%
Match map
Initial resources + every placement click. Lines = walls · curves = elevation contours. ◆ gold · ⬟ stone · ● berries · ✦ relic · ◌ wall gap
Your base· Open — 1t gap
Jack_el_Guapo's base· Open — unwalled flank
Smoothed initial terrain · ◌ = detected wall gap · hover for details
Inputs per minute
— Snootydoor8937 - - Jack_el_Guapo
Build order — Snootydoor8937
First 150 of 255 actions detected
| 0:08 | Research | Loom |
| 0:46 | Queue | Villager (Male) |
| 0:46 | Queue | Villager (Male) |
| 1:15 | Queue | Villager (Male) |
| 1:15 | Queue | Villager (Male) |
| 1:38 | Queue | Villager (Male) |
| 1:38 | Queue | Villager (Male) |
| 1:44 | Build | Lumber Camp |
| 2:02 | Queue | Villager (Male) |
| 2:02 | Queue | Villager (Male) |
| 2:23 | Queue | Villager (Male) |
| 2:42 | Queue | Villager (Male) |
| 2:42 | Queue | Villager (Male) |
| 2:57 | Queue | Villager (Male) |
| 2:57 | Queue | Villager (Male) |
| 3:33 | Build | House |
| 3:34 | Build | House |
| 3:41 | Queue | Villager (Male) |
| 3:42 | Queue | Villager (Male) |
| 3:48 | Queue | Villager (Male) |
| 4:11 | Queue | Villager (Male) |
| 4:12 | Queue | Villager (Male) |
| 4:33 | Queue | Villager (Male) |
| 4:44 | Queue | Villager (Male) |
| 4:46 | Queue | Villager (Male) |
| 5:26 | Queue | Villager (Male) |
| 5:26 | Queue | Villager (Male) |
| 5:30 | Build | Mill |
| 5:46 | Queue | Villager (Male) |
| 5:46 | Queue | Villager (Male) |
| 6:07 | Queue | Villager (Male) |
| 6:45 | Build | Mining Camp |
| 6:48 | Build | Mining Camp |
| 7:18 | Queue | Villager (Male) |
| 7:39 | Queue | Villager (Male) |
| 8:30 | Research | Feudal Age |
| 8:33 | Build | House |
| 9:49 | Build | Palisade Wall |
| 10:27 | Build | Palisade Wall |
| 10:35 | Build | Palisade Wall |
| 10:40 | Age | Feudal Age |
| 10:47 | Build | Town Center |
| 11:07 | Build | Palisade Wall |
| 11:16 | Build | Palisade Wall |
| 11:19 | Build | Palisade Wall |
| 11:20 | Build | Palisade Wall |
| 11:23 | Build | Palisade Wall |
| 11:38 | Build | Barracks |
| 11:40 | Queue | Villager (Male) |
| 11:50 | Build | House |
| 11:52 | Build | House |
| 11:53 | Queue | Villager (Male) |
| 12:06 | Build | Mining Camp |
| 12:15 | Build | Archery Range |
| 12:27 | Build | House |
| 12:29 | Queue | Villager (Male) |
| 12:43 | Queue | Archer |
| 12:43 | Queue | Archer |
| 13:16 | Build | House |
| 13:32 | Queue | Villager (Male) |
| 13:45 | Queue | Skirmisher |
| 14:13 | Build | Town Center |
| 14:17 | Queue | Skirmisher |
| 14:32 | Queue | Archer |
| 14:45 | Build | House |
| 14:45 | Build | House |
| 15:23 | Build | House |
| 15:24 | Build | House |
| 15:26 | Build | House |
| 15:29 | Build | House |
| 15:34 | Build | Palisade Wall |
| 15:50 | Queue | Villager (Male) |
| 15:51 | Build | Archery Range |
| 15:56 | Research | Town Watch |
| 16:18 | Build | Mining Camp |
| 16:28 | Queue | Villager (Male) |
| 16:28 | Queue | Villager (Male) |
| 16:29 | Queue | Villager (Male) |
| 16:57 | Queue | Archer |
| 16:57 | Queue | Archer |
| 17:05 | Research | Town Watch |
| 17:25 | Queue | Archer |
| 17:48 | Queue | Villager (Male) |
| 17:52 | Queue | Archer |
| 17:56 | Queue | Villager (Male) |
| 17:57 | Queue | Villager (Male) |
| 18:09 | Queue | Archer |
| 18:13 | Queue | Archer |
| 18:31 | Build | Town Center |
| 18:44 | Queue | Archer |
| 18:57 | Queue | Archer |
| 19:04 | Build | Palisade Gate |
| 19:07 | Queue | Archer |
| 19:22 | Build | House |
| 19:23 | Build | House |
| 19:40 | Queue | Villager (Male) |
| 20:17 | Build | House |
| 20:18 | Queue | Villager (Male) |
| 20:23 | Build | Lumber Camp |
| 20:33 | Queue | Archer |
| 20:34 | Queue | Archer |
| 20:42 | Build | Watch Tower |
| 20:50 | Queue | Archer |
| 21:00 | Queue | Villager (Male) |
| 21:03 | Queue | Villager (Male) |
| 21:04 | Queue | Archer |
| 21:11 | Queue | Villager (Male) |
| 21:17 | Queue | Archer |
| 21:23 | Build | Archery Range |
| 21:25 | Queue | Archer |
| 21:34 | Queue | Archer |
| 21:34 | Queue | Archer |
| 21:43 | Queue | Villager (Male) |
| 21:48 | Build | Farm |
| 21:49 | Build | Farm |
| 21:49 | Build | Farm |
| 21:49 | Build | Farm |
| 21:49 | Build | Farm |
| 21:50 | Build | Farm |
| 21:50 | Build | Farm |
| 21:50 | Build | Farm |
| 21:50 | Queue | Villager (Male) |
| 21:55 | Build | Palisade Wall |
| 21:55 | Build | Palisade Wall |
| 21:56 | Build | Palisade Wall |
| 21:57 | Build | Palisade Wall |
| 21:57 | Build | Palisade Wall |
| 21:58 | Build | Palisade Wall |
| 21:58 | Build | Palisade Wall |
| 21:58 | Build | Palisade Wall |
| 21:59 | Build | Palisade Wall |
| 22:39 | Build | Farm |
| 22:40 | Build | Farm |
| 22:41 | Queue | Archer |
| 22:41 | Queue | Archer |
| 23:02 | Queue | Archer |
| 23:02 | Queue | Archer |
| 23:36 | Build | Blacksmith |
| 23:36 | Queue | Villager (Male) |
| 23:40 | Build | House |
| 23:43 | Queue | Villager (Male) |
| 23:45 | Build | Farm |
| 23:45 | Build | Farm |
| 23:45 | Build | Farm |
| 23:45 | Build | Farm |
| 23:55 | Build | Watch Tower |
| 24:16 | Build | Watch Tower |
| 24:16 | Queue | Villager (Male) |
| 24:26 | Queue | Archer |
| 24:27 | Queue | Archer |
Build order — Jack_el_Guapo
First 150 of 173 actions detected
| 0:02 | Build | House |
| 0:03 | Build | House |
| 0:04 | Queue | Villager (Male) |
| 0:04 | Queue | Villager (Male) |
| 0:14 | Queue | Villager (Male) |
| 0:30 | Queue | Villager (Male) |
| 0:30 | Queue | Villager (Male) |
| 1:31 | Queue | Villager (Male) |
| 1:32 | Queue | Villager (Male) |
| 1:57 | Build | Lumber Camp |
| 2:06 | Queue | Villager (Male) |
| 2:06 | Queue | Villager (Male) |
| 2:24 | Queue | Villager (Male) |
| 2:49 | Queue | Villager (Male) |
| 2:49 | Queue | Villager (Male) |
| 3:05 | Queue | Villager (Male) |
| 3:41 | Queue | Villager (Male) |
| 4:02 | Queue | Villager (Male) |
| 4:10 | Build | House |
| 4:13 | Build | House |
| 4:28 | Queue | Villager (Male) |
| 4:28 | Queue | Villager (Male) |
| 4:54 | Build | Mill |
| 5:01 | Queue | Villager (Male) |
| 5:19 | Queue | Villager (Male) |
| 5:43 | Research | Loom |
| 5:58 | Queue | Villager (Male) |
| 5:58 | Queue | Villager (Male) |
| 5:58 | Queue | Villager (Male) |
| 5:58 | Queue | Villager (Male) |
| 6:20 | Queue | Villager (Male) |
| 8:30 | Build | Town Center |
| 8:34 | Build | Palisade Wall |
| 8:59 | Queue | Villager (Male) |
| 8:59 | Queue | Villager (Male) |
| 8:59 | Queue | Villager (Male) |
| 8:59 | Queue | Villager (Male) |
| 9:00 | Queue | Villager (Male) |
| 10:16 | Build | House |
| 10:22 | Queue | Villager (Male) |
| 10:40 | Queue | Villager (Male) |
| 10:40 | Queue | Villager (Male) |
| 11:26 | Build | Town Center |
| 11:48 | Queue | Villager (Male) |
| 11:48 | Queue | Villager (Male) |
| 12:29 | Queue | Villager (Male) |
| 12:54 | Queue | Villager (Male) |
| 13:09 | Build | Lumber Camp |
| 13:09 | Queue | Villager (Male) |
| 13:35 | Build | House |
| 13:38 | Build | House |
| 14:09 | Queue | Villager (Male) |
| 14:09 | Queue | Villager (Male) |
| 14:21 | Build | House |
| 14:26 | Queue | Villager (Male) |
| 14:40 | Queue | Villager (Male) |
| 15:10 | Queue | Villager (Male) |
| 15:28 | Queue | Villager (Male) |
| 15:28 | Queue | Villager (Male) |
| 15:51 | Build | Town Center |
| 16:11 | Build | Mining Camp |
| 16:12 | Queue | Villager (Male) |
| 16:12 | Queue | Villager (Male) |
| 16:22 | Queue | Villager (Male) |
| 16:22 | Queue | Villager (Male) |
| 16:28 | Build | Farm |
| 16:30 | Build | Farm |
| 16:32 | Build | Farm |
| 16:34 | Build | Farm |
| 16:37 | Build | Farm |
| 16:40 | Build | Farm |
| 16:45 | Queue | Villager (Male) |
| 17:19 | Queue | Villager (Male) |
| 17:46 | Build | Lumber Camp |
| 18:03 | Build | Farm |
| 18:03 | Build | Farm |
| 18:04 | Queue | Villager (Male) |
| 18:14 | Build | House |
| 18:22 | Build | Farm |
| 18:28 | Queue | Villager (Male) |
| 18:46 | Queue | Villager (Male) |
| 19:00 | Build | House |
| 19:01 | Queue | Villager (Male) |
| 19:08 | Build | Farm |
| 19:10 | Build | Farm |
| 19:10 | Queue | Villager (Male) |
| 19:28 | Queue | Villager (Male) |
| 19:30 | Build | House |
| 19:31 | Build | House |
| 20:18 | Queue | Villager (Male) |
| 20:23 | Build | Farm |
| 20:23 | Build | Farm |
| 20:23 | Build | Farm |
| 20:45 | Build | Lumber Camp |
| 20:46 | Queue | Villager (Male) |
| 21:16 | Build | Mining Camp |
| 21:32 | Build | Outpost |
| 21:57 | Build | Donjon |
| 22:04 | Research | Feudal Age |
| 23:17 | Build | Donjon |
| 23:27 | Queue | Villager (Male) |
| 23:27 | Queue | Villager (Male) |
| 23:38 | Queue | Villager (Male) |
| 23:39 | Queue | Villager (Male) |
| 23:51 | Queue | Villager (Male) |
| 24:14 | Age | Feudal Age |
| 24:27 | Research | Double-Bit Axe |
| 24:35 | Build | Market |
| 24:44 | Build | Mining Camp |
| 25:13 | Build | Farm |
| 25:34 | Queue | Villager (Male) |
| 25:46 | Queue | Villager (Male) |
| 25:50 | Queue | Villager (Male) |
| 25:59 | Build | Mining Camp |
| 26:03 | Queue | Villager (Male) |
| 26:08 | Build | Farm |
| 26:08 | Build | Farm |
| 26:16 | Queue | Villager (Male) |
| 26:24 | Build | Farm |
| 26:30 | Queue | Villager (Male) |
| 26:38 | Queue | Villager (Male) |
| 27:00 | Queue | Villager (Male) |
| 27:09 | Build | Town Center |
| 27:22 | Build | Mill |
| 27:37 | Queue | Villager (Male) |
| 27:38 | Queue | Villager (Male) |
| 28:22 | Queue | Villager (Male) |
| 28:31 | Queue | Villager (Male) |
| 28:36 | Queue | Villager (Male) |
| 28:37 | Queue | Villager (Male) |
| 28:49 | Queue | Villager (Male) |
| 29:24 | Queue | Villager (Male) |
| 29:24 | Queue | Villager (Male) |
| 29:45 | Build | Town Center |
| 30:15 | Queue | Villager (Male) |
| 30:15 | Queue | Villager (Male) |
| 30:30 | Queue | Villager (Male) |
| 30:42 | Build | Farm |
| 30:45 | Build | Donjon |
| 30:53 | Queue | Villager (Male) |
| 31:04 | Build | Donjon |
| 31:45 | Build | Donjon |
| 31:51 | Build | Farm |
| 32:10 | Build | Farm |
| 32:10 | Build | Farm |
| 32:11 | Build | Farm |
| 32:11 | Build | Farm |
| 32:11 | Build | Farm |
| 32:11 | Build | Farm |
| 32:12 | Build | Farm |
Match timeline
| 8:34 | Jack_el_Guapo · wall_segment Palisade Wall x1 |
| 9:49 | Snootydoor8937 · wall_segment Palisade Wall x8 |
| 10:27 | Snootydoor8937 · wall_segment Palisade Wall x1 |
| 10:35 | Snootydoor8937 · wall_segment Palisade Wall x13 |
| 10:40 | Snootydoor8937 · age_up feudal |
| 11:07 | Snootydoor8937 · wall_segment Palisade Wall x1 |
| 11:16 | Snootydoor8937 · wall_segment Palisade Wall x1 |
| 11:19 | Snootydoor8937 · wall_segment Palisade Wall x1 |
| 11:20 | Snootydoor8937 · wall_segment Palisade Wall x1 |
| 11:23 | Snootydoor8937 · wall_segment Palisade Wall x1 |
| 11:38 | Snootydoor8937 · first_building Barracks |
| 12:15 | Snootydoor8937 · first_building Archery Range |
| 15:34 | Snootydoor8937 · wall_segment Palisade Wall x8 |
| 21:55 | Snootydoor8937 · wall_segment Palisade Wall x1 |
| 21:55 | Snootydoor8937 · wall_segment Palisade Wall x1 |
| 21:56 | Snootydoor8937 · wall_segment Palisade Wall x1 |
| 21:57 | Jack_el_Guapo · first_building Donjon |
| 21:57 | Snootydoor8937 · wall_segment Palisade Wall x1 |
| 21:57 | Snootydoor8937 · wall_segment Palisade Wall x1 |
| 21:58 | Snootydoor8937 · wall_segment Palisade Wall x1 |
| 21:58 | Snootydoor8937 · wall_segment Palisade Wall x1 |
| 21:58 | Snootydoor8937 · wall_segment Palisade Wall x1 |
| 21:59 | Snootydoor8937 · wall_segment Palisade Wall x1 |
| 24:14 | Jack_el_Guapo · age_up feudal |
| 25:09 | Snootydoor8937 · wall_segment Palisade Wall x2 |
| 25:10 | Snootydoor8937 · wall_segment Palisade Wall x1 |
| 25:11 | Snootydoor8937 · wall_segment Palisade Wall x2 |
| 25:11 | Snootydoor8937 · wall_segment Palisade Wall x1 |
| 25:12 | Snootydoor8937 · wall_segment Palisade Wall x1 |
| 25:12 | Snootydoor8937 · wall_segment Palisade Wall x2 |
| 25:13 | Snootydoor8937 · wall_segment Palisade Wall x1 |
| 25:13 | Snootydoor8937 · wall_segment Palisade Wall x1 |
| 25:14 | Snootydoor8937 · wall_segment Palisade Wall x1 |
| 25:14 | Snootydoor8937 · wall_segment Palisade Wall x1 |
| 25:15 | Snootydoor8937 · wall_segment Palisade Wall x1 |
| 25:16 | Snootydoor8937 · wall_segment Palisade Wall x1 |
| 25:16 | Snootydoor8937 · wall_segment Palisade Wall x1 |
| 25:17 | Snootydoor8937 · wall_segment Palisade Wall x1 |
| 25:17 | Snootydoor8937 · wall_segment Palisade Wall x1 |
| 25:17 | Snootydoor8937 · wall_segment Palisade Wall x1 |
| 28:48 | Jack_el_Guapo · first_market_buy 100 stone |
| 31:41 | Snootydoor8937 · first_market_buy 100 food |
| 33:21 | Snootydoor8937 · first_building Stable |
| 34:19 | Snootydoor8937 · wall_segment Palisade Wall x1 |
| 34:20 | Snootydoor8937 · wall_segment Palisade Wall x1 |
| 34:20 | Snootydoor8937 · wall_segment Palisade Wall x1 |
| 34:21 | Snootydoor8937 · wall_segment Palisade Wall x1 |
| 34:22 | Snootydoor8937 · wall_segment Palisade Wall x1 |
| 34:22 | Snootydoor8937 · wall_segment Palisade Wall x1 |
| 34:23 | Snootydoor8937 · wall_segment Palisade Wall x1 |
| 34:23 | Snootydoor8937 · wall_segment Palisade Wall x1 |
| 34:25 | Snootydoor8937 · wall_segment Palisade Wall x1 |
| 34:26 | Snootydoor8937 · wall_segment Palisade Wall x1 |
| 34:26 | Snootydoor8937 · wall_segment Palisade Wall x1 |
| 35:14 | Snootydoor8937 · age_up castle |
| 35:27 | Jack_el_Guapo · resign |
[ AI ANALYSIS · 1 CREDIT ]
What really happened in this match?
Wolo.gg analyzes every decision: build order, eco, micro, common mistakes by bracket. Personalized analysis on WhatsApp or Discord in 30 seconds.
Civ guide
Chinese
Perfil
Snootydoor8937